 Dungeon Crawl Stone Soup version 0.23.2-30-g0e89c35649 (webtiles) character file.

Game seed: 1071688609666283012

707274 Exporg the Hill Orc Barricade (level 27, -7/241 (243) HPs)
             Began as a Hill Orc Berserker on June 10, 2019.
             Was the Champion of Trog.
             Killed by divine providence
             ... invoked by a balrug
              (15 damage)
             ... in Pandemonium on June 12, 2019.
             The game lasted 04:10:29 (85655 turns).

Exporg the Hill Orc Barricade (Hill Orc Berserker) Turns: 85655, Time: 04:10:30

HP:   -7/241 (243)  AC: 53    Str: 30    XL:     27
MP:   23/23         EV: 28    Int:  6    God:    Trog [******]
Gold: 3960          SH: 42    Dex: 20    Spells: 26/26 levels left

rFire    + + .     SeeInvis .   o - +9 sacred scourge (holy)
rCold    + + +     Gourm    .   w - +10 large shield of Ignorance {rN+ Int-4}
rNeg     + + .     Faith    .   S - +9 scales of the Dragon King {rPois rF+ rC+ MR+}
rPois    +         Spirit   .   m - +2 helmet {Int+3}
rElec    +         Reflect  +   I - +1 cloak of Starlight {rElec rC+ EV+4 Stlth--}
rCorr    .         Harm     .   u - +2 pair of gloves
MR       +++..                  E - +2 pair of boots {Stlth+}
Stlth    ..........             Q - amulet of Usodui {Reflect rElec rPois SH+4}
HPRegen  0.50/turn              R - ring "Awaesch" {*Contam AC+5 Slay+2 Stlth+}
MPRegen  0.18/turn              r - ring "Filiyh" {rPois rF+ rN+ EV+4 Dex+3}

@: about to teleport
A: hooves 1, agile 2, cold resistance 2, poison resistance
}: 3/15 runes: decaying, silver, gossamer
a: Berserk, Trog's Hand, Brothers in Arms, Renounce Religion


You were in Pandemonium.
You worshipped Trog.
Trog was exalted by your worship.
You were hungry.

You visited 10 branches of the dungeon, and saw 51 of its levels.
You visited Pandemonium 1 time, and saw 5 of its levels.
You visited 1 ziggurat, and saw 9 of its levels.
You also visited: Trove, Ice Cave and Volcano.

You collected 10865 gold pieces.
You spent 6905 gold pieces at shops.

Inventory:

Hand Weapons
 a - the +8 broad axe "Xaude" {chop, Stlth+}
   (Trog gifted it to you on level 1 of the Depths)

   It inflicts extra damage upon your enemies.
   It makes you more stealthy.
 b - the +18 lance "Wyrmbane" {slay drac, rPois rF+ rC+ AC+3}
   (You found it on level 2 of the Vaults)

   It affects your AC (+3).
   It protects you from fire.
   It protects you from cold.
   It protects you from poison.
 o - a +9 sacred scourge of holy wrath (weapon)
 s - the +9 executioner's axe "Epraetif" {freeze, +Inv rPois}
   (You found it in a treasure trove)

   It has been specially enchanted to freeze those struck by it, causing extra
   injury to most foes and up to half again as much damage against particularly
   susceptible opponents.
   It can also slow down cold-blooded creatures.
   It protects you from poison.
   It lets you turn invisible.
 Z - the +5 broad axe of Defiance {antimagic, rN+ Dex+4}
   (Trog gifted it to you on level 3 of the Depths)

   It reduces the magical energy of the wielder, and disrupts the spells and
   magical abilities of those hit.
   Natural abilities and divine invocations are not affected.
   It affects your dexterity (+4).
   It protects you from negative energy.
Armour
 c - the +0 helmet "Veurisaf" {rElec rC++ rN+ Str-2}
   (You acquired it in Pandemonium)

   It affects your strength (-2).
   It greatly protects you from cold.
   It insulates you from electricity.
   It protects you from negative energy.
 m - a +2 helmet of intelligence (worn)
 u - a +2 pair of gloves (worn)
 w - the +10 large shield of Ignorance (worn) {rN+ Int-4}
   (You acquired it on level 3 of the Crypt)

   It affects your intelligence (-4).
   It protects you from negative energy.
 A - a +6 large shield of resistance
 E - a +2 pair of boots of stealth (worn)
 I - the +1 cloak of Starlight (worn) {rElec rC+ EV+4 Stlth--}
   (You found it on level 3 of the Elven Halls)

   It affects your evasion (+4).
   It protects you from cold.
   It insulates you from electricity.
   It makes you much less stealthy.
 S - the +9 scales of the Dragon King (worn) {rPois rF+ rC+ MR+}
   (You bought it in a shop on level 4 of the Dungeon)

   It protects you from fire.
   It protects you from cold.
   It protects you from poison.
   It affects your resistance to hostile enchantments.
Jewellery
 r - the ring "Filiyh" (right hand) {rPois rF+ rN+ EV+4 Dex+3}
   (You took it off a blood saint in Pandemonium)

   [ring of evasion]

   It affects your evasion (+4).
   It affects your dexterity (+3).
   It protects you from fire.
   It protects you from poison.
   It protects you from negative energy.
 v - the ring "Ahir" {rN+ Str+3 Dex+2}
   (You found it on level 3 of the Crypt)

   [ring of positive energy]

   It affects your strength (+3).
   It affects your dexterity (+2).
   It protects you from negative energy.
 y - the ring of Phasing {EV+8}
   (You found it on level 4 of the Dungeon)

   [ring of evasion]

   It affects your evasion (+8).
 N - an uncursed ring of flight
 Q - the amulet of Usodui (around neck) {Reflect rElec rPois SH+4}
   (You found it on level 3 of the Crypt)

   [amulet of reflection]

   It shields you and reflects attacks.
   It insulates you from electricity.
   It protects you from poison.
   It affects your SH (+4).
 R - the ring "Awaesch" (left hand) {*Contam AC+5 Slay+2 Stlth+}
   (You found it in a treasure trove)

   [ring of protection]

   It affects your AC (+5).
   It affects your accuracy and damage with ranged weapons and melee attacks
   (+2).
   It causes magical contamination when unequipped.
   It makes you more stealthy.
 U - the amulet "Barit" {Regen+ Int+4}
   (You found it on level 3 of the Crypt)

   [amulet of regeneration]

   It affects your intelligence (+4).
   It increases your rate of regeneration.
Wands
 q - a wand of flame (76)
 z - a wand of digging (21)
 J - a wand of paralysis (49)
 K - a wand of random effects (30)
 M - a wand of acid (41)
 V - a wand of iceblast (31)
 X - a wand of disintegration (73)
Scrolls
 f - 9 scrolls of enchant armour
 h - 2 scrolls of enchant weapon
 i - 4 scrolls of immolation
 j - 29 scrolls of remove curse
 l - 24 scrolls of teleportation
 t - 13 scrolls of fear
 x - 9 scrolls of blinking
 C - 6 scrolls of summoning
 D - a scroll of holy word
 G - 4 scrolls of fog
 O - 7 scrolls of magic mapping
 W - 2 scrolls of identify
 Y - 6 scrolls of silence
Potions
 d - 10 potions of haste
 e - 12 potions of heal wounds
 g - 3 potions of brilliance
 k - 29 potions of curing
 n - 13 potions of lignification
 p - 9 potions of ambrosia
 B - 3 potions of mutation
 H - 9 potions of might
 L - 7 potions of cancellation
 P - 6 potions of agility
 T - 3 potions of resistance
Comestibles
 F - 69 rations


   Skills:
 - Level 19.0 Fighting
 O Level 27 Axes
 + Level 15.2(20.9) Maces & Flails
 + Level 19.0(23.4) Polearms
 + Level 22.4 Armour
 * Level 19.3 Dodging
 - Level 1.0 Stealth
 O Level 27 Shields


You had 26 spell levels left.
You didn't know any spells.
Your spell library was empty.

Dungeon Overview and Level Annotations

Branches:
Dungeon (15/15)            Temple (0/1) D:7            Lair (6/6) D:11
  Swamp (4/4) Lair:3       Spider (4/4) Lair:3        Slime (0/5) Lair:5
    Orc (2/2) D:10            Elf (3/3) Orc:2        Vaults (5/5) D:14
  Crypt (3/3) Vaults:2       Tomb (0/3) Crypt:3      Depths (5/5) D:15
    Zot (4/5) Depths:5

Altars:
Ashenzari
Cheibriados
Dithmenos
Fedhas
Gozag
Hepliaklqana
Kikubaaqudgha
Nemelex Xobeh
Okawaru
Qazlal
Sif Muna
Trog
Vehumet
Wu Jian
Yredelemnul
Zin
Beogh

Shops:
D:4 [   D:5 *   D:9 !   D:15 (::%=   Orc:2 (?}?   Elf:2 %   Elf:3 (
Vaults:5 *}*[%%!   Depths:2 (

Portals:
Hell: Depths:1 Depths:2 Depths:3 Depths:4 Depths:5
Abyss: Depths:4
Pandemonium: Depths:1 Depths:3

Annotations:
D:8 , 3 runed translucent doors, Grendash's ghost, novice GrFi
Lair:3 3 runed translucent doors, Terandir's ghost, journeyman MiFi
Swamp:2 exclusion: oklob plant
Swamp:4 exclusion: Roxanne, Roxanne
Depths:2 2 transporters, Bodigarde's ghost, veteran MiBe


Innate Abilities, Weirdness & Mutations

You have large cloven feet.
You are very agile. (Dex +4)
Your flesh is very cold resistant. (rC++)
Your system is resistant to poisons. (rPois)


Message History

The fireball engulfs the Brimstone Fiend.
The Brimstone Fiend completely resists.
You block the Brimstone Fiend's attack. x3
Something shouts, "I shall devour thy head!"
As you read the scroll of teleportation, it crumbles to dust.
You feel strangely unstable. The balrug gestures at you.
The fireball explodes!
The fireball engulfs the balrug.
The balrug completely resists.
The fireball engulfs you! You resist.
* * * LOW HITPOINT WARNING * * *
The fireball engulfs the Brimstone Fiend.
The Brimstone Fiend completely resists.
The balrug gestures at you. Something smites you!
* * * LOW HITPOINT WARNING * * *
You block the Brimstone Fiend's attack. The Brimstone Fiend hits you.
* * * LOW HITPOINT WARNING * * *
You block the Brimstone Fiend's attack. The balrug gestures at you.
Something smites you!
You die...

≈...≈#":[#§§§§≈# #≈..§≈#
#§§. ≈≈.§≈#}.}#§§..≈#
):#§..§≈# #§§§
#≈≈§≈#)[:#§§§§≈#
.|#≈≈≈≈## ##≈§
##≈§###'###≈≈≈###'###≈≈##
##§
.#####§§§#######≈.≈#####
##
.#§≈§§≈.≈≈≈≈§≈§≈≈.≈≈≈§≈#
#
.'...§.................'
.'...............1..2..'
.'...§§.......§)@23..3.'
.#≈≈§≈§§≈≈≈≈≈≈§§≈§≈≈≈≈≈#
#
.#####≈.§#######§.≈#####
## ##≈≈###'###≈≈§###'##
##≈ #≈§≈≈#...#≈≈§≈≈# ..#
##§≈ ≈§§§≈#(..#§...§# =.#
§§ #§§. ≈.§.§#(..#≈...≈#
$.#≈.. #≈..
≈...≈#####≈...≈#####≈..
#####≈..
....≈≈≈≈≈≈≈...≈§§§§≈≈..
≈≈≈≈≈§§..


You could see a Brimstone Fiend, 2 balrugs and 2 sun demons.

Vanquished Creatures
  3 orbs of fire
  Mennas (Vaults:5)
  3 ancient liches
  A juggernaut (Depths:3)
  Boris (twice) (Vaults:2 Vaults:3)
  Frederick (Depths:3)
  Bai Suzhen (Depths:3)
  the Lernaean hydra (Swamp:4)
  2 Killer Klowns (Zot:2)
  2 curse toes (Zot:4)
  9 caustic shrikes
  The ghost of Esecs the Devastator, a veteran GrEE of Lugonu (Crypt:2)
  3 golden dragons
  A profane servitor (Crypt:3)
  4 pandemonium lords
  2 Tzitzimimeh (Pan)
  A Brimstone Fiend (Zig:5)
  A bone dragon (Crypt:3)
  Arachne (Spider:3)
  A hellephant (Pan)
  21 tentacled monstrosities
  A Hell Sentinel (Pan)
  3 Ice Fiends
  6 liches
  The ghost of phi the Severer, an adept DsGl of Okawaru (Elf:2)
  A deep elf master archer (Elf:3)
  2 titans
  Asterion (Elf:2)
  7 quicksilver dragons
  3 deep elf blademasters
  An ancient champion (Crypt:1)
  3 acid blobs (Zig:7)
  9 sphinxes
  3 thorn hunters (Swamp:2)
  11 storm dragons
  10 death cobs
  3 Executioners (Pan)
  A shadow dragon (shapeshifter) (Vaults:5)
  10 shadow dragons
  14 draconian monks
  A revenant (Crypt:2)
  11 tengu reavers
  An azure jelly (Zig:7)
  7 frost giants
  8 deep elf sorcerers
  A draconian knight (Zot:1)
  14 fire giants
  20 vault wardens
  7 ghost moths
  5 cacodemons (Pan)
  2 iron dragons
  17 balrugs
  3 spriggan defenders
  3 warmongers (Pan)
  5 draconian scorchers
  8 draconian shifters
  5 emperor scorpions
  5 war gargoyles
  11 reapers
  4 deep elf elementalists (Elf:3)
  A curse skull (Crypt:1)
  An angel (Zig:3)
  13 stone giants
  19 very ugly things
  15 ironheart preservers
  4 black suns
  3 blood saints (Pan)
  2 draconian annihilators
  12 ghouls
  A juggernaut skeleton (Zig:8)
  13 vampire knights
  6 entropy weavers
  6 green draconians
  11 deep elf annihilators
  5 corrupters (Pan)
  16 black draconians
  6 purple draconians
  9 deep elf demonologists
  13 white draconians
  10 red draconians
  8 spark wasps
  6 lorocyprocas
  A minotaur (shapeshifter) (Vaults:5)
  13 yellow draconians
  A dire elephant (shapeshifter) (Vaults:5)
  A merfolk javelineer (Depths:4)
  9 eidola
  A crystal guardian (Vaults:4)
  23 ettins
  A green death (Pan)
  A mummy priest (Crypt:3)
  12 deep elf death magi
  2 death oozes
  16 fire dragons
  4 jiangshi
  7 blizzard demons (Pan)
  A quicksilver dragon zombie (Crypt:3)
  15 ogre magi
  11 great orbs of eyes
  A monstrous demonspawn (Pan)
  9 deep elf high priests
  The ghost of Enliheo the Severer, a journeyman MiGl of Okawaru (Lair:2)
  12 yaktaur captains
  4 rakshasas
  14 ice dragons
  A hell beast (Pan)
  20 hydras
  37 vault guards
  12 centaur warriors
  22 large abominations
  7 spriggan air magi
  2 shambling mangroves (Swamp:2)
  2 ghost crabs (Swamp:4)
  6 death knights
  A catoblepas (Lair:6)
  A two-headed ogre (shapeshifter) (Vaults:3)
  17 alligators
  8 deep troll shamans
  38 dancing weapons
  39 two-headed ogres
  11 tengu warriors
  A death yak (shapeshifter) (Depths:3)
  5 death yaks
  Urug (Lair:4)
  A queen ant (Spider:2)
  8 orc high priests
  13 deep troll earth magi
  6 vampire magi
  A titan zombie (Crypt:1)
  3 spriggan berserkers
  29 sun demons (Pan)
  4 soul eaters
  19 deep elf knights
  13 hell knights
  2 storm dragon zombies (Crypt:3)
  23 skeletal warriors
  A fire crab (Lair:4)
  An iron troll (Depths:5)
  11 sixfirhies
  A fire crab (shapeshifter) (Depths:1)
  A sea snake (shapeshifter) (Vaults:4)
  3 gelid demonspawn (Pan)
  A storm dragon skeleton (Crypt:1)
  6 flayed ghosts
  A deep troll (shapeshifter) (Vaults:5)
  5 spriggan druids
  6 unseen horrors
  7 infernal demonspawn (Pan)
  A torturous demonspawn (Pan)
  9 swamp dragons
  25 deep trolls
  2 anaconda zombies (Crypt:3)
  3 shadow wraiths
  6 glowing orange brains
  14 shadow demons (Pan)
  A tengu zombie (Zig:8)
  10 wizards
  3 harpies (Vaults:3)
  3 shadow dragon zombies
  12 deep elf archers
  20 ironbrand convokers
  An unseen horror (shapeshifter) (Vaults:3)
  17 orc knights
  57 deep elf magi
  A fire giant zombie (Crypt:3)
  An anaconda skeleton (Crypt:1)
  32 phantasmal warriors
  A wolf spider (shapeshifter) (Vaults:5)
  8 necromancers
  A shining eye (Zig:7)
  A wolf spider zombie (Crypt:3)
  21 orb spiders
  44 ugly things
  4 frost giant zombies
  A mana viper (shapeshifter) (Vaults:1)
  An orc sorcerer (Volcano)
  2 iron dragon zombies
  23 moths of wrath
  25 wolf spiders
  A tengu skeleton (Zig:8)
  8 cyclopes
  A manticore (shapeshifter) (Depths:3)
  3 elephants (Lair:5)
  A fire giant skeleton (Crypt:1)
  17 vault sentinels
  4 rust devils (Pan)
  2 frost giant skeletons
  21 orange demons (Pan)
  21 smoke demons
  2 gargoyles
  3 torpor snails
  An eye of devastation (Zig:7)
  A black mamba (shapeshifter) (Vaults:4)
  6 black mambas
  13 spiny frogs
  2 centaur skeletons
  3 ice statues (IceCv)
  A spiny frog (shapeshifter) (Depths:3)
  4 hellions
  11 demonic crawlers
  A dire elephant skeleton (Crypt:2)
  37 yaktaurs
  13 freezing wraiths
  6 tengu conjurers
  5 rime drakes
  9 komodo dragons
  8 efreet (Pan)
  A minotaur skeleton (Crypt:1)
  An entropy weaver simulacrum (Vaults:1)
  An ice devil (Pan)
  6 hellwings (Pan)
  18 red devils
  A guardian mummy (Crypt:3)
  A catoblepas skeleton (Crypt:2)
  An iron troll zombie (Crypt:1)
  A red draconian skeleton (Crypt:1)
  9 polar bears (Lair:6)
  2 trolls (shapeshifter)
  A meliai (shapeshifter) (Vaults:2)
  11 trolls
  2 queen bees (shapeshifter) (Depths:3)
  3 meliai (D:14)
  27 hornets
  12 blink frogs
  32 slime creatures
  30 jumping spiders
  A slime creature (shapeshifter) (Vaults:5)
  8 tyrant leeches
  17 bog bodies
  A hydra skeleton (Crypt:2)
  A raiju (shapeshifter) (Vaults:4)
  2 ettin zombies (Crypt:3)
  An ice dragon zombie (Crypt:3)
  A black mamba zombie (Crypt:2)
  An alligator zombie (Crypt:1)
  A blink frog (shapeshifter) (Vaults:1)
  6 hippogriffs
  A meliai zombie (D:15)
  A fire giant simulacrum (Vaults:5)
  56 redbacks
  4 flying skulls
  24 ynoxinuls (Pan)
  40 yaks
  5 shadows
  3 air elementals
  A wyvern (shapeshifter) (Depths:3)
  5 wyverns
  17 spriggans
  11 wraiths
  2 ushabtiu (Crypt:3)
  A vampire (D:15)
  2 fire elementals
  29 tarantellas
  A human (D:13)
  9 water elementals
  3 golden eyes (Pan)
  A yak (shapeshifter) (Vaults:2)
  2 basilisks
  5 fire bats (Volcano)
  2 neqoxecs (Pan)
  Menkaure (D:7)
  24 vampire mosquitoes
  3 chaos spawn (Pan)
  17 wargs
  13 swamp worms
  5 insubstantial wisps (Swamp:1)
  12 soldier ants (Spider:2)
  A merfolk zombie (Crypt:2)
  A deep troll zombie (Crypt:2)
  3 acid dragons
  A harpy simulacrum (Crypt:2)
  4 water moccasins
  17 hell hounds (Lair:6)
  A faun zombie (Crypt:2)
  An infernal demonspawn zombie (Crypt:1)
  A spiny frog zombie (Crypt:3)
  A floating eye (Depths:4)
  11 swamp drakes
  7 ice beasts
  3 porcupines
  A merfolk skeleton (Crypt:2)
  15 black bears
  39 orc warriors
  A fire dragon simulacrum (Crypt:1)
  A manticore zombie (Crypt:3)
  3 sky beasts
  An ettin simulacrum (Crypt:2)
  2 phantoms
  A swamp dragon zombie (Crypt:3)
  5 eyes of draining
  16 boggarts
  An ogre (shapeshifter) (Elf:3)
  11 necrophages (Crypt:3)
  2 snapping turtle skeletons
  24 ogres
  15 centaurs
  17 wolves
  A centaur (shapeshifter) (Depths:2)
  A human skeleton (Vaults:4)
  2 snapping turtle zombies
  A blink frog skeleton (Crypt:2)
  A big kobold (D:10)
  6 crocodiles
  3 human zombies
  2 gnoll sergeants
  13 bullfrogs
  4 earth elementals
  5 wyvern skeletons (Crypt:3)
  2 scorpions
  A shapeshifter zombie (Crypt:2)
  A troll zombie (Crypt:2)
  3 spriggan zombies
  An oklob sapling (Swamp:2)
  8 killer bees (D:12)
  A manticore simulacrum (Crypt:2)
  A snapping turtle simulacrum (Crypt:2)
  A human simulacrum (Vaults:5)
  An elf simulacrum (Vaults:4)
  4 electric eels (Lair:1)
  8 wights
  5 lava snakes (Volcano)
  2 howler monkeys
  6 crimson imps
  2 centaur zombies
  A bullfrog zombie (D:7)
  2 quasits
  A basilisk zombie (Crypt:1)
  13 hounds
  42 orc priests
  2 bullfrog skeletons
  2 jellies
  3 gnoll shamans (D:5)
  5 iguanas
  An iron imp (D:7)
  28 orc wizards
  A porcupine zombie (Crypt:2)
  A worker ant (shapeshifter) (Elf:3)
  18 worker ants
  3 hound zombies
  A hound skeleton (D:8)
  2 worker ant zombies
  Robin (D:4)
  32 gnolls
  13 adders
  5 shadow imps
  A white imp (Vaults:3)
  An adder zombie (Crypt:1)
  A barachi skeleton (Crypt:1)
  A dart slug (D:1)
  9 leopard geckos
  114 orcs
  16 bats
  5 giant cockroaches
  25 goblins
  7 hobgoblins
  30 jackals
  10 kobolds
  A quokka (D:8)
  A river rat zombie (Crypt:1)
  2 ball pythons
  5 frilled lizards
  2 jackal skeletons (D:4)
  2 quokka zombies
  7 rats
  2 briar patches (Swamp:2)
  4 crawling corpses
  5 fungi
  10 plants
  2 withered plants (Crypt:3)
2815 creatures vanquished.

Vanquished Creatures (collateral kills)
  A Tzitzimitl (Zig:9)
  A shadow dragon (Zig:9)
  An ironheart preserver (Vaults:2)
  2 black suns (Zig:9)
  A death knight (Zig:9)
  2 soul eaters (Zig:9)
  2 orc warriors (D:8)
  2 orc priests (D:8)
  An orc wizard (D:8)
  2 orcs (D:8)
15 creatures vanquished.

Vanquished Creatures (others)
  A pandemonium lord (Zig:5)
  2 ghost moths (Spider:4)
  A stone giant (Vaults:4)
  A blizzard demon (Pan)
  An ogre mage (Vaults:3)
  2 yaktaur captains
  A centaur warrior (Depths:3)
  A vampire mage (Depths:3)
  A shadow wraith (Vaults:3)
  A deep troll (Vaults:5)
  A wizard (Depths:1)
  A human skeleton (Vaults:4)
  4 yaktaurs
  A tengu conjurer (Depths:2)
  A demonic crawler (Pan)
  A hornet (Spider:4)
  A tarantella (shapeshifter) (Zig:6)
  2 neqoxecs (Pan)
  Blork the orc (D:6)
  A hound skeleton (D:6)
  An orc (Vaults:5)
  15 fungi
  15 plants
57 creatures vanquished.

Grand Total: 2887 creatures vanquished

Notes
Turn   | Place    | Note
-------+----------+-------------------------------------------
     0 | D:1      | Exporg the Hill Orc Berserker began the quest for the Orb.
     0 | D:1      | Reached XP level 1. HP: 19/19 MP: 1/1
    98 | D:1      | Reached XP level 2. HP: 24/27 MP: 2/2
   742 | D:1      | Reached XP level 3. HP: 28/33 MP: 3/3
  1078 | D:2      | Reached XP level 4. HP: 19/41 MP: 4/4
  1373 | D:2      | Reached ** piety under Trog
  1448 | D:2      | Reached skill level 5 in Axes
  2150 | D:3      | Reached XP level 5. HP: 41/47 MP: 5/5
  2305 | D:3      | Found a shattered altar of Ashenzari.
  2389 | D:3      | Found an opulent altar of Gozag.
  2390 | D:3      | Found a hazy altar of Hepliaklqana.
  2826 | D:4      | Reached skill level 5 in Fighting
  2826 | D:4      | Reached XP level 6. HP: 40/56 MP: 6/6
  3251 | D:4      | Found the ring of Phasing {EV+8}
  3305 | D:4      | Noticed Robin
  3315 | D:4      | Reached *** piety under Trog
  3325 | D:4      | Killed Robin
  3492 | D:4      | Found Gank's Armour Emporium.
  3527 | D:4      | Found an iron altar of Okawaru.
  3925 | D:4      | Found a glowing silver altar of Zin.
  4008 | D:5      | Entered Level 5 of the Dungeon
  4060 | D:5      | Reached XP level 7. HP: 51/61 MP: 7/7
  4575 | D:5      | Found a blossoming altar of Fedhas.
  4619 | D:5      | Found Azien's Assorted Antiques.
  4836 | D:5      | Found a shadowy altar of Dithmenos.
  4848 | D:5      | Reached **** piety under Trog
  5153 | D:5      | Reached XP level 8. HP: 66/70 MP: 8/8
  5190 | D:5      | Reached skill level 5 in Armour
  5831 | D:6      | Killed Blork the orc
  5957 | D:6      | Received a gift from Trog
  5963 | D:6      | Reached skill level 10 in Axes
  6095 | D:6      | Found a radiant altar of Vehumet.
  6208 | D:6      | Reached skill level 1 in Stealth
  6471 | D:6      | Reached XP level 9. HP: 78/78 MP: 9/9
  6724 | D:7      | Found a sparkling altar of Nemelex Xobeh.
  6742 | D:7      | Noticed Menkaure
  6751 | D:7      | Killed Menkaure
  6828 | D:7      | Reached ***** piety under Trog
  6833 | D:7      | Found a staircase to the Ecumenical Temple.
  6986 | D:7      | Found a snail-covered altar of Cheibriados.
  7296 | D:8      | Found a transporter.
  7390 | D:8      | Reached skill level 1 in Maces & Flails
  7437 | D:8      | Reached skill level 5 in Shields
  7539 | D:8      | Found a bloodstained altar of Trog.
  7609 | D:8      | Found a runed translucent gate.
  7609 | D:8      | Found a runed translucent gate.
  7609 | D:8      | Found a runed translucent gate.
  7610 | D:8      | Identified the +8 short sword of the Spider {venom,
                  | *Corrode rElec rPois MR++}
  7610 | D:8      | Noticed Grendash's ghost (novice GrFi)
  7610 | D:8      | Noticed a kobold demonologist
  7705 | D:8      | Found a stormy altar of Qazlal.
  7790 | D:8      | Found a deep blue altar of Sif Muna.
  7809 | D:8      | Found a roughly hewn altar of Beogh.
  7809 | D:8      | Found a transporter.
  7952 | D:9      | Reached XP level 10. HP: 86/86 MP: 10/10
  8551 | D:9      | Received a gift from Trog
  8712 | D:9      | Found Muosch's Distillery.
  8820 | D:10     | Entered Level 10 of the Dungeon
  9034 | D:10     | Noticed a two-headed ogre
  9044 | D:10     | Killed a two-headed ogre
  9126 | D:10     | Found a staircase to the Orcish Mines.
  9909 | D:10     | Found a roughly hewn altar of Beogh.
 10697 | D:11     | Noticed a cyclops
 10708 | D:11     | Killed a cyclops
 10980 | D:11     | Noticed a cyclops
 10989 | D:11     | Killed a cyclops
 10989 | D:11     | Reached XP level 11. HP: 86/94 MP: 11/11
 11048 | D:11     | Found a staircase to the Lair.
 11203 | D:11     | Noticed a seven-headed hydra
 11214 | D:11     | Killed a seven-headed hydra
 11293 | D:11     | Received a gift from Trog
 11296 | D:11     | Got a pitted battleaxe {god gift}
 11305 | D:11     | Killed an unseen horror
 11424 | D:11     | Identified the +9 battleaxe of the Hills {venom, *Noise
                  | +Rage +Inv rF-} (Trog gifted it to you on level 11 of the
                  | Dungeon)
 11507 | D:11     | Got a faintly glowing tin ring
 11518 | D:11     | Noticed a cyclops
 11522 | D:11     | Killed a cyclops
 11888 | D:12     | Noticed a white ugly thing
 11898 | D:11     | Killed a white ugly thing
 12051 | D:12     | Noticed a brown ugly thing
 12060 | D:12     | Killed a brown ugly thing
 12060 | D:12     | Reached skill level 15 in Axes
 12333 | D:12     | Noticed a phantasmal warrior
 12335 | D:12     | Noticed a death knight
 12377 | D:12     | Killed a phantasmal warrior
 12409 | D:11     | Killed a death knight
 12659 | D:12     | Reached XP level 12. HP: 100/105 MP: 12/12
 13165 | D:12     | Noticed a two-headed ogre
 13179 | D:12     | Killed a two-headed ogre
 13179 | D:12     | Reached skill level 10 in Fighting
 13590 | D:12     | Noticed a two-headed ogre
 13596 | D:12     | Killed a two-headed ogre
 13596 | D:12     | Reached skill level 10 in Shields
 15153 | Orc:1    | Entered Level 1 of the Orcish Mines
 15348 | Orc:1    | Found a radiant altar of Vehumet.
 15603 | Orc:1    | Received a gift from Trog
 15656 | Orc:1    | Found a dark tunnel.
 15671 | Orc:1    | Found a roughly hewn altar of Beogh.
 15677 | Volcano  | Entered a volcano
 15680 | Volcano  | Identified the ring "Otebliof" {rPois MP+9 Int+3} (You
                  | found it on level 11 of the Dungeon)
 15909 | Volcano  | Reached XP level 13. HP: 87/116 MP: 13/13
 16012 | Volcano  | Found a bloodstained altar of Trog.
 16091 | Volcano  | Found a bloodstained altar of Trog.
 16387 | Orc:2    | Entered Level 2 of the Orcish Mines
 16402 | Orc:2    | Found a staircase to the Elven Halls.
 16688 | Orc:2    | Noticed an ettin
 16917 | Orc:2    | Found Fyworel's Magic Scroll Shop.
 16917 | Orc:2    | Found Xijo's Weapon Emporium.
 17717 | Orc:2    | Reached skill level 5 in Dodging
 17990 | Orc:2    | Found a roughly hewn altar of Beogh.
 18002 | Orc:2    | Found a roughly hewn altar of Beogh.
 18020 | Orc:2    | Received a gift from Trog
 18653 | Orc:2    | Found Puisampa's Magic Scroll Shop.
 18653 | Orc:2    | Found Eczeohu Siva's Gadget Emporium.
 18671 | Orc:2    | Killed an ettin
 19362 | Lair:1   | Entered Level 1 of the Lair of Beasts
 20341 | Lair:2   | Found a runed translucent door.
 20343 | Lair:2   | Noticed Enliheo's ghost (journeyman MiGl)
 20391 | Lair:2   | Killed Enliheo's ghost
 20482 | Lair:2   | Got an iridescent scimitar
 20791 | Lair:3   | Found a runed translucent gate.
 20791 | Lair:3   | Found a runed translucent gate.
 20791 | Lair:3   | Found a runed translucent gate.
 20791 | Lair:3   | Noticed Terandir's ghost (journeyman MiFi)
 20830 | Lair:3   | Reached XP level 14. HP: 117/126 MP: 14/14
 21029 | Lair:3   | Found a staircase to the Swamp.
 21252 | Lair:3   | Found a hole to the Spider Nest.
 21577 | Lair:4   | Found a frozen archway.
 21621 | IceCv    | Entered an ice cave
 22045 | IceCv    | Got a flickering tin ring
 22051 | IceCv    | Got fine ice dragon scales
 22052 | IceCv    | Identified the ring "Ehocin" {rN+ Str+3} (You found it in
                  | an ice cave)
 22065 | IceCv    | Identified the cursed +0 ice dragon scales of the Shining
                  | Light {-Cast rPois rF- rC++ Str+2} (You found it in an ice
                  | cave)
 22113 | Lair:4   | Identified a scroll of acquirement
 22132 | Lair:4   | Noticed Urug
 22151 | Lair:4   | Killed Urug
 22188 | Lair:4   | Reached ****** piety under Trog
 23292 | Lair:4   | Reached skill level 10 in Armour
 23391 | Lair:5   | Reached skill level 5 in Maces & Flails
 23830 | Lair:5   | Found a staircase to the Slime Pits.
 24752 | D:4      | Bought the +9 scales of the Dragon King {rPois rF+ rC+ MR+}
                  | for 1747 gold pieces
 24752 | D:4      | Found the +9 scales of the Dragon King {rPois rF+ rC+ MR+}
 25037 | Lair:6   | Entered Level 6 of the Lair of Beasts
 25519 | Lair:6   | Reached XP level 15. HP: 136/136 MP: 15/15
 26035 | Lair:6   | Received a gift from Trog
 27210 | D:14     | Found a gate to the Vaults.
 27362 | D:14     | Identified the +3 scimitar of Woff {holy, -Tele rC+++ rN+
                  | Dex+4} (You found it on level 2 of the Lair of Beasts)
 27436 | D:14     | Received a gift from Trog
 28071 | D:14     | Found a shadowy altar of Dithmenos.
 28153 | D:15     | Entered Level 15 of the Dungeon
 28446 | D:15     | Found Hibomitu's Food Shop.
 28488 | D:15     | Reached XP level 16. HP: 143/147 MP: 16/16
 28567 | D:15     | Found Itate Oge's Book Boutique.
 28596 | D:15     | Found Sakkaecs's Jewellery Shoppe.
 28604 | D:15     | Reached skill level 15 in Fighting
 28614 | D:15     | Received a gift from Trog
 28724 | D:15     | Found Uluolowkoi's Book Shop.
 28898 | D:15     | Found Wimubb's Antique Weapon Shop.
 29048 | D:15     | Found a staircase to the Depths.
 29333 | Swamp:1  | Entered Level 1 of the Swamp
 30513 | Swamp:2  | Reached skill level 15 in Shields
 31136 | Swamp:2  | Noticed a thorn hunter
 31153 | Swamp:2  | Killed a thorn hunter
 31326 | Swamp:2  | Noticed a thorn hunter
 31340 | Swamp:2  | Killed a thorn hunter
 31413 | Swamp:2  | Got a faintly glowing trident
 31464 | Swamp:2  | Received a gift from Trog
 31538 | Swamp:2  | Noticed a thorn hunter
 31554 | Swamp:2  | Killed a thorn hunter
 31820 | Swamp:3  | Reached XP level 17. HP: 137/158 MP: 13/17
 32406 | Swamp:3  | Received a gift from Trog
 32530 | Swamp:3  | Identified the cursed +1 trident of Dykod {chaos, rC++}
                  | (You found it on level 2 of the Swamp)
 32848 | Swamp:4  | Entered Level 4 of the Swamp
 33344 | Swamp:3  | Reached skill level 10 in Dodging
 33964 | Swamp:4  | Received a gift from Trog
 34150 | Swamp:4  | Noticed the 27-headed Lernaean hydra
 34166 | Swamp:4  | Killed the 27-headed Lernaean hydra
 34173 | Swamp:4  | Got a decaying rune of Zot
 34792 | Swamp:4  | Noticed Roxanne
 35011 | Spider:1 | Entered Level 1 of the Spider Nest
 36400 | Spider:2 | Received a gift from Trog
 36538 | Spider:2 | Reached XP level 18. HP: 144/169 MP: 15/18
 37264 | Spider:3 | Noticed Arachne
 37283 | Spider:3 | Killed Arachne
 38226 | Spider:4 | Entered Level 4 of the Spider Nest
 39086 | Spider:4 | Received a gift from Trog
 40138 | Spider:4 | Got a gossamer rune of Zot
 40828 | Vaults:1 | Entered Level 1 of the Vaults
 41024 | Vaults:1 | Reached XP level 19. HP: 179/179 MP: 19/19
 41085 | Vaults:1 | Received a gift from Trog
 42346 | Vaults:2 | Got a heavily runed hat
 42487 | Vaults:1 | Identified the cursed +0 hat of the Equinox {rC- rCorr
                  | Int+8 Stlth+} (You found it on level 2 of the Vaults)
 42660 | Vaults:2 | Found the +8 lance "Wyrmbane" {slay drac, rPois rF+ rC+
                  | AC+3}
 42665 | Vaults:2 | Received a gift from Trog
 43130 | Vaults:2 | Reached skill level 1 in Polearms
 43532 | Vaults:2 | Reached skill level 5 in Polearms
 43708 | Vaults:2 | Found a staircase to the Crypt.
 43708 | Vaults:2 | Found an ancient bone altar of Kikubaaqudgha.
 43709 | Vaults:2 | Found a basalt altar of Yredelemnul.
 44014 | Vaults:2 | Reached XP level 20. HP: 146/191 MP: 20/20
 44298 | Vaults:2 | Reached skill level 10 in Polearms
 44305 | Vaults:2 | Noticed Boris
 44307 | Vaults:2 | Identified the cursed +0 leather armour of Depression {rF-
                  | Dex+2 SInv}
 44315 | Vaults:2 | Received a gift from Trog
 44332 | Vaults:2 | Killed Boris
 45857 | Vaults:3 | Noticed Boris
 45870 | Vaults:3 | Received a gift from Trog
 45944 | Vaults:3 | Killed Boris
 46945 | Vaults:3 | Reached XP level 21. HP: 198/198 MP: 21/21
 47151 | Vaults:4 | Received a gift from Trog
 48390 | Vaults:4 | Received a gift from Trog
 48999 | Depths:1 | Entered Level 1 of the Depths
 49675 | Depths:1 | Received a gift from Trog
 49948 | Depths:1 | Received a gift from Trog
 49959 | Depths:1 | Got a bone broad axe {god gift}
 49961 | Depths:1 | Identified the +8 broad axe "Xaude" {chop, Stlth+} (Trog
                  | gifted it to you on level 1 of the Depths)
 50005 | Depths:1 | Found a one-way gate leading to the halls of Pandemonium.
 50040 | Depths:1 | Found a gateway to Hell.
 50276 | Depths:1 | Reached XP level 22. HP: 185/205 MP: 22/22
 50624 | Depths:1 | Found a portal to a secret trove of treasure.
 50653 | Trove    | Entered a treasure trove
 50659 | Trove    | Found the +8 longbow "Zephyr" {speed, Dex+3 SInv}
 50667 | Trove    | Got a scintillating tin ring
 50684 | Trove    | Identified the ring "Awaesch" {*Contam AC+5 Slay+2 Stlth+}
                  | (You found it in a treasure trove)
 50687 | Trove    | Identified the ring of Hapi {MP+9 Dex+4} (You found it in a
                  | treasure trove)
 50706 | Trove    | Identified the +9 executioner's axe "Epraetif" {freeze,
                  | +Inv rPois} (You found it in a treasure trove)
 50845 | Depths:1 | Identified Sif Muna's Guide on Fetching Boosts
 51137 | Orc:2    | Bought 3 scrolls of acquirement for 2496 gold pieces
 51170 | Orc:2    | Got a pair of slimy gloves
 51181 | Orc:2    | Identified the +0 pair of gloves "Uwny" {rC+ rN+} (You
                  | acquired it on level 2 of the Orcish Mines)
 51235 | Elf:1    | Entered Level 1 of the Elven Halls
 52153 | Elf:2    | Reached * piety under Trog
 52318 | Elf:2    | Found Wesa's Food Emporium.
 52443 | Elf:2    | Found a runed translucent gate.
 52443 | Elf:2    | Found a runed translucent gate.
 52443 | Elf:2    | Found a runed translucent gate.
 52822 | Elf:2    | Reached skill level 15 in Armour
 52962 | Elf:2    | Found a runed translucent door.
 52962 | Elf:2    | Noticed phi's ghost (adept DsGl)
 52996 | Elf:2    | Killed phi's ghost
 53074 | Elf:3    | Entered Level 3 of the Elven Halls
 53157 | Elf:3    | Found Ceaseph's Antique Weapon Emporium.
 54016 | Elf:3    | Identified the +1 leather armour of Iqukut {rPois Dex+2}
 54723 | Elf:3    | Identified the +4 hand axe of Kismet {chop, +Blink Dex+3
                  | SInv}
 55424 | Elf:3    | Noticed Asterion
 55456 | Elf:2    | Killed Asterion
 55766 | Elf:3    | Reached XP level 23. HP: 213/213 MP: 23/23
 55802 | Elf:3    | Identified the amulet of Ru's Generosity {Gourm MP+9 Str+3}
 55844 | Elf:3    | Identified the cursed +0 hand axe "Grim Tooth" {flame,
                  | rElec Int+3}
 55876 | Elf:3    | Received a gift from Trog
 55922 | Elf:3    | Found the +1 cloak of Starlight {rElec rC+ EV+4 Stlth--}
 56340 | Elf:3    | Identified the +1 leather armour of Indemnity {Str+3}
 56674 | Depths:2 | Noticed a caustic shrike
 56674 | Depths:2 | Noticed a caustic shrike
 56674 | Depths:2 | Noticed a caustic shrike
 56686 | Depths:1 | Killed a caustic shrike
 56705 | Depths:1 | Killed a caustic shrike
 56725 | Depths:1 | Killed a caustic shrike
 56860 | Depths:2 | Found a transporter.
 56860 | Depths:2 | Noticed Bodigarde's ghost (veteran MiBe)
 56865 | Depths:2 | Found a transporter.
 57279 | Depths:2 | Identified the ring "Imywnaff" {Ice Str+3}
 57412 | Depths:2 | Identified the cursed +1 morningstar of the Heavens {venom,
                  | Stlth+}
 57575 | Depths:2 | Noticed a golden dragon
 57584 | Depths:2 | Killed a golden dragon
 57710 | Depths:2 | Received a gift from Trog
 57940 | Depths:2 | Found an iron altar of Okawaru.
 57941 | Depths:2 | Found an iron altar of Okawaru.
 57943 | Depths:2 | Found an ornate altar of the Wu Jian Council.
 57943 | Depths:2 | Found a stormy altar of Qazlal.
 58054 | Depths:2 | Found Ibruhex's Antique Weapon Boutique.
 58774 | Depths:3 | You fall through a shaft!
 58975 | Depths:3 | Reached XP level 24. HP: 216/221 MP: 23/23
 59092 | Depths:3 | Received a gift from Trog
 59213 | Depths:3 | Noticed a juggernaut
 59228 | Depths:3 | Killed a juggernaut
 59240 | Depths:3 | Identified the Handbook of the Supportive Volcanoes
 59329 | Depths:3 | Received a gift from Trog
 59332 | Depths:3 | Identified the +5 broad axe of Defiance {antimagic, rN+
                  | Dex+4} (Trog gifted it to you on level 3 of the Depths)
 59491 | Depths:3 | Found a gateway to a ziggurat.
 59496 | Depths:3 | Noticed Bai Suzhen
 59512 | Depths:3 | Killed Bai Suzhen
 59857 | Depths:3 | Noticed Frederick
 59870 | Depths:3 | Killed Frederick
 60565 | Depths:4 | Noticed a caustic shrike
 60573 | Depths:4 | Paralysed by a floating eye for 4 turns
 60924 | Depths:4 | Received a gift from Trog
 60952 | Depths:4 | Killed a caustic shrike
 60956 | Depths:4 | Paralysed by a floating eye for 2 turns
 60973 | Depths:4 | Got a pitted crystal plate armour
 60974 | Depths:4 | Identified the +0 crystal plate armour of Fedhas's
                  | Supremacy {rC+ rN+ MR+ Int+4} (You acquired it on level 4
                  | of the Depths)
 61071 | Depths:4 | Found a one-way gate to the infinite horrors of the Abyss.
 61430 | Depths:5 | Entered Level 5 of the Depths
 61927 | Depths:5 | Reached skill level 15 in Dodging
 61933 | Depths:5 | Reached XP level 25. HP: 213/227 MP: 23/23
 62130 | Depths:5 | Found a gate to the Realm of Zot.
 62298 | Depths:5 | Received a gift from Trog
 62996 | Vaults:5 | Entered Level 5 of the Vaults
 62996 | Vaults:5 | Noticed Mennas
 63966 | Vaults:5 | Killed Mennas
 64137 | Vaults:5 | Paralysed by a sphinx for 6 turns
 64259 | Vaults:5 | Received a gift from Trog
 64666 | Vaults:5 | Noticed an ancient lich
 64669 | Vaults:4 | Reached XP level 26. HP: 202/236 MP: 23/23
 64845 | Vaults:5 | Killed an ancient lich
 64869 | Vaults:5 | Received a gift from Trog
 65088 | Vaults:5 | Found Vowaotom's General Store.
 65149 | Vaults:5 | Found Ebios's General Store.
 65170 | Vaults:5 | Found Wemmaom's Gadget Shop.
 65198 | Vaults:5 | Found Xuehical's Antique Armour Boutique.
 65737 | Vaults:5 | Got a silver rune of Zot
 65825 | Vaults:5 | Found Bovuys's Food Boutique.
 65843 | Vaults:5 | Found Upsol's Food Emporium.
 65854 | Vaults:5 | Found Kiffaedgh's Distillery.
 66261 | Vaults:5 | Bought a runed hat for 168 gold pieces
 66663 | Zot:1    | Entered Level 1 of the Realm of Zot
 66803 | Zot:1    | Received a gift from Trog
 67727 | Crypt:1  | Entered Level 1 of the Crypt
 67751 | Crypt:1  | Reached XP level 27. HP: 243/243 MP: 7/23
 68482 | Crypt:2  | Found a runed translucent door.
 68605 | Crypt:2  | Received a gift from Trog
 68838 | Crypt:2  | Noticed Esecs's ghost (veteran GrEE)
 69168 | Crypt:2  | Killed Esecs's ghost
 69212 | Crypt:2  | Identified the +5 mace of Uskayaw's Condemnation {crush,
                  | Str+3} (You found it on level 2 of the Crypt)
 69229 | Crypt:3  | Entered Level 3 of the Crypt
 69557 | Crypt:3  | Received a gift from Trog
 70225 | Crypt:3  | Found the +10 large shield of Ignorance {rN+ Int-4}
 70329 | Crypt:3  | Identified the amulet of the Monkey {Inacc Dex+2} (You
                  | found it on level 3 of the Crypt)
 70347 | Crypt:3  | Identified the amulet "Barit" {Regen+ Int+4} (You found it
                  | on level 3 of the Crypt)
 70348 | Crypt:3  | Identified the ring "Ahir" {rN+ Str+3 Dex+2} (You found it
                  | on level 3 of the Crypt)
 70349 | Crypt:3  | Identified the ring of Accord {rPois rN+ MR- Int+3 Dex+7}
                  | (You found it on level 3 of the Crypt)
 70534 | Crypt:3  | Identified the amulet of Usodui {Reflect rElec rPois SH+4}
                  | (You found it on level 3 of the Crypt)
 70585 | Crypt:3  | Found a basalt altar of Yredelemnul.
 70595 | Crypt:3  | Reached skill level 27 in Shields
 70734 | Crypt:3  | Received a gift from Trog
 70765 | Crypt:3  | Found a staircase to the Tomb.
 71668 | Zot:1    | Reached skill level 27 in Axes
 71700 | Zot:1    | Found the +0 Maxwell's etheric cage {RegenMP+ *Contam rElec
                  | MP+4}
 72341 | Zot:2    | Noticed an ancient lich
 72349 | Zot:2    | You fall through a shaft!
 72420 | Zot:2    | Killed an ancient lich
 72715 | Zot:2    | Received a gift from Trog
 73646 | Zot:3    | Reached skill level 15 in Polearms
 73778 | Zot:3    | Noticed an orb of fire
 73789 | Zot:3    | Gained mutation: Your body sometimes deteriorates upon
                  | taking damage. [an orb of fire]
 73793 | Zot:3    | Gained mutation: Your body often deteriorates upon taking
                  | damage. [an orb of fire]
 73798 | Zot:3    | Killed an orb of fire
 74122 | Zot:3    | Noticed an orb of fire
 74240 | Zot:3    | Noticed an ancient lich
 74249 | Zot:3    | Gained mutation: Potions are less effective at restoring
                  | your health. [an orb of fire]
 74274 | Zot:3    | Killed an orb of fire
 74290 | Zot:3    | Killed an ancient lich
 74308 | Zot:3    | Received a gift from Trog
 74612 | Zot:3    | Found a stormy altar of Qazlal.
 75609 | Zot:4    | Noticed an orb of fire
 75625 | Zot:4    | Killed an orb of fire
 76561 | Vaults:5 | Bought a potion of might for 56 gold pieces
 76561 | Vaults:5 | Bought a potion of resistance for 140 gold pieces
 76561 | Vaults:5 | Bought a potion of heal wounds for 70 gold pieces
 76604 | Vaults:5 | Bought a potion of might for 80 gold pieces
 76637 | Vaults:5 | Bought a scroll of acquirement for 988 gold pieces
 76661 | Vaults:5 | Bought a potion of haste for 190 gold pieces
 77050 | D:9      | Bought a potion of curing for 36 gold pieces
 77050 | D:9      | Bought a potion of might for 48 gold pieces
 77050 | D:9      | Bought a potion of curing for 36 gold pieces
 77050 | D:9      | Bought a potion of might for 48 gold pieces
 77050 | D:9      | Bought a potion of heal wounds for 60 gold pieces
 77050 | D:9      | Bought a potion of curing for 36 gold pieces
 77050 | D:9      | Bought a potion of haste for 120 gold pieces
 77050 | D:9      | Bought a potion of haste for 120 gold pieces
 77050 | D:9      | Bought a potion of curing for 36 gold pieces
 77204 | Orc:2    | Bought a scroll of teleportation for 51 gold pieces
 77204 | Orc:2    | Bought a scroll of teleportation for 51 gold pieces
 77234 | Orc:2    | Bought a scroll of immolation for 56 gold pieces
 77234 | Orc:2    | Bought a scroll of summoning for 152 gold pieces
 77234 | Orc:2    | Bought a scroll of blinking for 120 gold pieces
 77593 | Zig:1    | Entered Level 1 of a ziggurat
 77656 | Zig:2    | Entered Level 2 of a ziggurat
 77669 | Zig:2    | Received a gift from Trog
 77678 | Zig:3    | Entered Level 3 of a ziggurat
 77681 | Zig:3    | Noticed Safyijef the pandemonium lord
 77689 | Zig:3    | Killed Safyijef the pandemonium lord
 77750 | Zig:4    | Entered Level 4 of a ziggurat
 77785 | Zig:5    | Entered Level 5 of a ziggurat
 77791 | Zig:5    | Noticed Lipoig the pandemonium lord
 77826 | Zig:5    | Gained mutation: You are weak. (Str -2) [a shining eye]
 77828 | Zig:5    | Killed Lipoig the pandemonium lord
 77939 | Zig:6    | Entered Level 6 of a ziggurat
 77987 | Zig:6    | Identified the +0 broad axe of Contradiction {venom, Dex+2}
                  | (You found it on level 6 of a ziggurat)
 77997 | Zig:7    | Entered Level 7 of a ziggurat
 78012 | Zig:7    | Gained mutation: Your magical capacity is low. (-10% MP) [a
                  | shining eye]
 78045 | Zig:7    | Identified the +1 war axe "Kaelipn" {chop, rC- Str+9} (You
                  | found it on level 7 of a ziggurat)
 78328 | Zig:7    | Lost mutation: Potions are less effective at restoring your
                  | health. [potion of mutation]
 78328 | Zig:7    | Lost mutation: Your magical capacity is low. (-10% MP)
                  | [potion of mutation]
 78328 | Zig:7    | Gained mutation: You are partially covered in rugged brown
                  | scales. (AC +1, +3% HP) [potion of mutation]
 78328 | Zig:7    | Gained mutation: You are partially covered in large bone
                  | plates. (SH +4) [potion of mutation]
 78328 | Zig:7    | Gained mutation: You have sharp fingernails. [potion of
                  | mutation]
 78329 | Zig:7    | Lost mutation: Your body often deteriorates upon taking
                  | damage. [potion of mutation]
 78329 | Zig:7    | Lost mutation: Your body sometimes deteriorates upon taking
                  | damage. [potion of mutation]
 78329 | Zig:7    | Lost mutation: You are weak. (Str -2) [potion of mutation]
 78329 | Zig:7    | Lost mutation: You are partially covered in rugged brown
                  | scales. (AC +1, +3% HP) [potion of mutation]
 78329 | Zig:7    | Gained mutation: You have a pair of small antennae on your
                  | head. [potion of mutation]
 78329 | Zig:7    | Gained mutation: You are covered in fur. (AC +1) [potion of
                  | mutation]
 78346 | Zig:8    | Entered Level 8 of a ziggurat
 78518 | Zig:9    | Entered Level 9 of a ziggurat
 78563 | Zig:9    | Identified the Grimoire of Conjuration
 78844 | Depths:3 | Lost mutation: You have sharp fingernails. [potion of
                  | mutation]
 78844 | Depths:3 | Lost mutation: You are partially covered in large bone
                  | plates. (SH +4) [potion of mutation]
 78844 | Depths:3 | Lost mutation: You are covered in fur. (AC +1) [potion of
                  | mutation]
 78844 | Depths:3 | Gained mutation: Your spells are a little harder to cast,
                  | but a little more powerful. [potion of mutation]
 78844 | Depths:3 | Gained mutation: You are weak. (Str -2) [potion of
                  | mutation]
 78844 | Depths:3 | Gained mutation: You expend magic power (3 MP) to
                  | strengthen your wands. [potion of mutation]
 78845 | Depths:3 | Lost mutation: Your spells are a little harder to cast, but
                  | a little more powerful. [potion of mutation]
 78845 | Depths:3 | Lost mutation: You have a pair of small antennae on your
                  | head. [potion of mutation]
 78845 | Depths:3 | Lost mutation: You expend magic power (3 MP) to strengthen
                  | your wands. [potion of mutation]
 78845 | Depths:3 | Gained mutation: You possess an exceptional clarity of
                  | mind. [potion of mutation]
 78845 | Depths:3 | Gained mutation: You have sharp toenails. [potion of
                  | mutation]
 78851 | Depths:3 | Lost mutation: You possess an exceptional clarity of mind.
                  | [potion of mutation]
 78851 | Depths:3 | Lost mutation: You are weak. (Str -2) [potion of mutation]
 78851 | Depths:3 | Lost mutation: You have sharp toenails. [potion of
                  | mutation]
 78851 | Depths:3 | Gained mutation: Your body sometimes deteriorates upon
                  | taking damage. [potion of mutation]
 78851 | Depths:3 | Gained mutation: You are agile. (Dex +2) [potion of
                  | mutation]
 78851 | Depths:3 | Gained mutation: Your mind is acute. (Int +2) [potion of
                  | mutation]
 78852 | Depths:3 | Lost mutation: Your body sometimes deteriorates upon taking
                  | damage. [potion of mutation]
 78852 | Depths:3 | Gained mutation: You have supernaturally acute eyesight.
                  | (SInv) [potion of mutation]
 78852 | Depths:3 | Gained mutation: Your system is resistant to poisons.
                  | (rPois) [potion of mutation]
 78969 | Pan      | Entered Pandemonium
 79286 | Pan      | Noticed Qelef the pandemonium lord
 79288 | Pan      | Gained mutation: You are weak. (Str -2) [a neqoxec]
 79317 | Pan      | Killed Qelef the pandemonium lord
 79373 | Pan      | Got a slimy steel ring
 79376 | Pan      | Identified the ring of Waomin {rN+ MR+ Int-5 Dex+5} (You
                  | found it in Pandemonium)
 79560 | Pan      | Received a gift from Trog
 79984 | Pan      | Noticed Giekaim the pandemonium lord
 80027 | Pan      | Killed Giekaim the pandemonium lord
 80032 | Pan      | Reached skill level 10 in Maces & Flails
 80080 | Pan      | Lost mutation: Your mind is acute. (Int +2) [a cacodemon]
 81917 | Pan      | Noticed Goklie Giavy the pandemonium lord
 81939 | Pan      | Killed Goklie Giavy the pandemonium lord
 82215 | Pan      | Received a gift from Trog
 83087 | Pan      | Identified the +5 large shield of Mirth {MR+} (You acquired
                  | it in Pandemonium)
 83180 | Pan      | Identified the ring "Filiyh" {rPois rF+ rN+ EV+4 Dex+3}
 83558 | Pan      | Found an exit through the horrors of the Abyss.
 83598 | Pan      | Gained mutation: You have large cloven feet. [a cacodemon]
 83604 | Pan      | Gained mutation: You do not regenerate when monsters are
                  | visible. [a cacodemon]
 83639 | Pan      | Received a gift from Trog
 83663 | Pan      | Found a transporter.
 83706 | Pan      | Lost mutation: You have supernaturally acute eyesight.
                  | (SInv) [potion of mutation]
 83706 | Pan      | Lost mutation: You are weak. (Str -2) [potion of mutation]
 83706 | Pan      | Lost mutation: You do not regenerate when monsters are
                  | visible. [potion of mutation]
 83706 | Pan      | Gained mutation: Your flesh is cold resistant. (rC+)
                  | [potion of mutation]
 83706 | Pan      | Gained mutation: You are very agile. (Dex +4) [potion of
                  | mutation]
 83706 | Pan      | Gained mutation: Your flesh is very cold resistant. (rC++)
                  | [potion of mutation]
 84256 | Pan      | Found a transporter.
 84287 | Pan      | Lost intelligence.
 84336 | Pan      | Got a twisted helmet
 84337 | Pan      | Identified the +0 helmet "Veurisaf" {rElec rC++ rN+ Str-2}
                  | (You acquired it in Pandemonium)
 84370 | Pan      | Identified the +1 cloak of Jigsaw {rC+ rN+} (You found it
                  | in Pandemonium)
 84612 | Pan      | Entered the realm of Cerebov.
 85358 | Pan      | Received a gift from Trog
 85466 | Pan      | Reached skill level 15 in Maces & Flails
 85649 | Pan      | Identified the cursed +2 morningstar of Blind Justice
                  | {venom, SInv}
 85649 | Pan      | Identified the +0 robe of Gamnedyim {rF+ rN++ Dex-3}
 85649 | Pan      | Identified the ring of Cemmidej {rF+ rN+ MP+9 Dex+3}
 85655 | Pan      | HP: 12/241 [balrug/divine providence (11)]
 85655 | Pan      | Killed from afar by a balrug

Skill      XL: |  1  2  3  4  5  6  7  8  9 10 11 12 13 14 15 16 17 18 19 20 21 22 23 24 25 26 27 |
---------------+----------------------------------------------------------------------------------+-----
Fighting       | 4 5 6 7 8 9 11 12 13 14 16 17 18 19 | 19.0
Axes           | 5 6 7 8 10 11 13 15 17 18 19 21 22 23 24 25 27 | 27.0
Armour         | 3 4 5 6 7 8 9 10 11 12 13 14 15 16 17 22 | 22.4
Dodging        | 2 3 4 5 7 8 9 10 11 12 13 14 15 16 19 | 19.3
Stealth        | 1 |  1.0
Shields        | 3 5 8 9 10 11 12 14 15 16 18 19 20 21 22 23 24 26 27 | 27.0
Maces & Flails | 3 4 5 6 7 15 | 15.2
Polearms       | 9 12 13 19 | 19.0

Action                   |  1- 3 |  4- 6 |  7- 9 | 10-12 | 13-15 | 16-18 | 19-21 | 22-24 | 25-27 || total
-------------------------+-------+-------+-------+-------+-------+-------+-------+-------+-------++-------
Melee: Hand axe          |   110 |    36 |       |       |       |       |       |       |       ||   146
       War axe           |       |   148 |   407 |   177 |       |       |       |       |       ||   732
       Flail             |       |       |    59 |    13 |    64 |       |       |       |       ||   136
       Broad axe         |       |       |       |   466 |  1295 |  1436 |  1313 |  1236 |  1809 ||  7555
       Demon whip        |       |       |       |       |     7 |   111 |       |       |       ||   118
       Lance             |       |       |       |       |       |       |    47 |   350 |  1159 ||  1556
       Sacred scourge    |       |       |       |       |       |       |       |       |   686 ||   686
Invok: Berserk           |     1 |     2 |     4 |     3 |       |     2 |     2 |     2 |     6 ||    22
       Brothers in Arms  |       |       |       |     2 |       |       |     1 |       |     1 ||     4
       Trog's Hand       |       |       |       |       |       |       |       |     2 |     3 ||     5
Evoke: Wand              |       |       |       |       |     1 |     4 |       |       |     2 ||     7
  Use: Scroll            |       |       |     9 |    11 |    19 |    12 |     2 |    21 |    39 ||   113
       Potion            |       |       |     1 |       |       |     2 |       |       |    11 ||    14
 Stab: Confused          |       |       |       |       |       |     1 |       |       |       ||     1
       Distracted        |       |       |       |       |       |     1 |     1 |       |       ||     2
       Paralysed         |       |       |       |       |       |     1 |       |       |       ||     1
  Eat: Chunk             |     2 |     9 |    17 |    20 |    25 |    20 |    21 |    18 |    16 ||   148
       Ration            |       |       |       |     3 |     5 |     7 |     3 |     7 |    20 ||    45
Armor: Animal skin       |     2 |       |       |       |       |       |       |       |       ||     2
       Scale mail        |    46 |   115 |    94 |       |       |       |       |       |       ||   255
       Plate armour      |       |       |   100 |   131 |       |       |       |       |       ||   231
       Storm dragon scal |       |       |       |    32 |   148 |       |       |       |       ||   180
       Gold dragon scale |       |       |       |       |   193 |   733 |   402 |   270 |   610 ||  2208
       Ice dragon scales |       |       |       |       |     8 |       |       |       |       ||     8
Dodge: Dodged            |    62 |   170 |   387 |   288 |   558 |   846 |   494 |   476 |   952 ||  4233
Block: Shield            |       |       |   126 |   422 |   881 |  1291 |   884 |    31 |       ||  3635
       Large shield      |       |       |       |       |       |       |       |  1370 |  3888 ||  5258
       Reflection        |       |       |       |       |       |       |       |    41 |    64 ||   105
